Description

skip 1 scv before building rax to get it earlier. proxy scv moveout 0:57sec. skip 1 scv to get the dtarport earlier.

Replay - 2000 Atmosphären LE (66)

Build Order

Get SALT Encoding   

  12  0:00  SCV  
  13  0:12  SCV  
  14  0:17  Supply Depot  skip 1 scv before building rax to get it earlier.
  14  0:24  SCV  
  14  0:27  Refinery  
  15  0:41  Barracks  
  15  0:44  SCV  proxy scv moveout 0:57sec.
  16  0:56  SCV  
  17  1:08  SCV  
  18  1:20  SCV  
  19  1:29  Marine  
  19  1:32  Orbital Command, Factory  
  20  1:38  Refinery  
  20  1:42  Supply Depot  
  20  1:46  Marine  
  21  1:58  SCV  
  22  2:04  Marine  skip 1 scv to get the dtarport earlier.
  23  2:10  SCV  
  23  2:12  Supply Depot  
  24  2:17  Armory  
  25  2:25  Starport  
  25  2:29  Factory Tech Lab  
  24  2:32  SCV  
  24  2:35  Marine  
  26  2:42  Supply Depot  
  26  2:44  SCV  
  27  3:06  Thor  
  33  3:16  SCV  
  33  3:17  Marine  
  35  3:21  Supply Depot  
  35  3:24  Medivac  
  37  3:28  SCV  
  38  3:35  Marine  
  38  3:40  SCV  
  40  3:57  Siege Tank  
  43  4:03  Command Center  
  43  4:10  Marine  
  43  4:12  Medivac  
  46  4:25  SCV  
  46  4:30  Supply Depot  
  47  4:35  Barracks Reactor  
Spawning Tool Build Advisor. Get it on Overwolf

Go to:

Details

  • Created by: lucahecker
  • Published on: Mar 15, 2022
  • Modified on: Mar 15, 2022
  • Patch: 4.11.0
  • Difficulty: Medium
Show
View Real Time Build Order
Export as new Build Order

Comments (0)

There are no comments. Be the first!

Create an account to comment!